 Dungeon Crawl Stone Soup version 0.25.1-2-g60ff931df9 (webtiles) character file.

Game seed: 423058827681720504

1287 Doot the Thaumaturge (level 8, -2/43 HPs)
             Began as a Deep Elf Wizard on Nov 11, 2020.
             Slain by a wyvern skeleton (6 damage)
             ... on level 6 of the Dungeon.
             The game lasted 00:16:33 (7050 turns).

Doot the Thaumaturge (Deep Elf Wizard)              Turns: 7050, Time: 00:16:33

Health: -2/43      AC:  4    Str: 10    XL:     8   Next: 30%
Magic:  24/24      EV: 13    Int: 26    God:
Gold:   233        SH:  0    Dex: 13    Spells: 3/27 levels left

rFire    . . .     SeeInvis .   F - staff of air (curse)
rCold    + . .     Gourm    .   (no shield)
rNeg     . . .     Faith    .   a - +0 robe
rPois    .         Spirit   .   H - +1 helmet
rElec    +         Reflect  .   (no cloak)
rCorr    .         Harm     .   (no gloves)
MR       .....                  (no boots)
Stlth    +++.......             (no amulet)
HPRegen  0.14/turn              g - ring of protection from cold
MPRegen  0.19/turn              C - +6 ring of strength

@: no status effects
A: no striking features
a: no special abilities


You were on level 6 of the Dungeon.
You were not hungry.

You visited 1 branch of the dungeon, and saw 7 of its levels.
You also visited: Sewer and Ossuary.

You collected 233 gold pieces.

Inventory:

Hand Weapons
 h - a +0 dagger
Armour
 a - a +0 robe (worn)
 b - a +0 hat
 H - a +1 helmet (worn)
Magical Staves
 F - a cursed staff of air (weapon)
Jewellery
 g - a ring of protection from cold (left hand)
 C - a +6 ring of strength (right hand)
Wands
 E - a wand of random effects (14)
Scrolls
 c - 2 scrolls of enchant weapon {unknown}
 f - 2 scrolls of noise {unknown}
 i - 2 scrolls of magic mapping {unknown}
 k - 3 scrolls of teleportation
 l - 9 scrolls of identify {unknown}
 p - a scroll of blinking {unknown}
 s - a scroll of immolation {unknown}
 t - a scroll of holy word {unknown}
 u - 8 scrolls of random uselessness {unknown}
 v - a scroll of summoning {unknown}
 w - 2 scrolls of amnesia {unknown}
 y - a scroll of fog {unknown}
Potions
 e - 3 potions of haste {unknown}
 j - 8 potions of flight
 m - 4 potions of degeneration {unknown}
 n - 4 potions of curing {unknown}
 o - a potion of cancellation {unknown}
 q - 2 potions of might {unknown}
 r - a potion of stabbing {unknown}
 x - a potion of heal wounds {unknown}
 z - 3 potions of lignification {unknown}
 A - 2 potions of invisibility {unknown}
 B - a potion of brilliance {unknown}
 D - a potion of berserk rage {unknown}
Comestibles
 d - 7 rations


   Skills:
 + Level 1.2 Fighting
 + Level 0.3 Short Blades
 + Level 3.2 Dodging
 + Level 4.1 Stealth
 * Level 10.1 Spellcasting
 + Level 4.4 Conjurations
 + Level 2.9 Summonings
 + Level 1.9 Translocations
 + Level 0.3 Fire Magic
 * Level 3.3 Ice Magic
 + Level 0.2 Air Magic
 + Level 0.3 Evocations


You had 3 spell levels left.
You knew the following spells:

 Your Spells              Type           Power        Failure   Level  Hunger
a - Magic Dart            Conj           ####         1%          1    None
b - Blink                 Tloc           N/A          3%          2    None
c - Call Imp              Summ           ####....     1%          2    None
d - Conjure Flame         Conj/Fire      ####....     4%          3    None
e - Mephitic Cloud        Conj/Pois/Air  ####....     7%          3    None
f - Slow                  Hex            ##......     7%          2    None
g - Call Canine Familiar  Summ           ####....     4%          3    None
h - Summon Ice Beast      Ice/Summ       ####....     13%         4    None
i - Summon Lightning Spi  Summ/Air       ####....     24%         4    None

Your spell library contained the following spells:

 Spells                   Type           Power        Failure   Level  Hunger
 Summon Small Mammal      Summ           ####         1%          1    None
 Beastly Appendage        Tmut           ##....       4%          1    None
 Sticks to Snakes         Tmut           ##......     7%          2    None
 Summon Guardian Golem    Hex/Summ       ###.....     8%          3    None
 Spider Form              Tmut/Pois      ##........   14%         3    None
 Ice Form                 Ice/Tmut       ###.....     22%         4    None
 Blade Hands              Tmut           ##........   77%         5    ####...


Dungeon Overview and Level Annotations

Branches:
Dungeon (7/15)              Sewer (visited)         Ossuary (visited)
 Temple: D:4-7

Altars:
Cheibriados
Fedhas
Hepliaklqana
Makhleb
Okawaru
Ru


Message History

A leopard gecko comes into view.
Found a robe and a scroll labeled HUENYO MOOCKE.
There is a stone staircase leading down here.
Unknown command. 2 gnolls and a skeleton come into view.
The leopard gecko zombie closely misses you. 2 zombies come into view.
The gnoll shouts!
The wyvern skeleton bites you. The leopard gecko zombie bites you.
The wyvern skeleton bites you!
The leopard gecko zombie closely misses you.
A gnoll comes into view. It is wielding a +0 whip.
The wyvern zombie barely misses you. The wyvern skeleton bites you!
The wyvern zombie bites you!
* * * LOW HITPOINT WARNING * * *
A gnoll comes into view. It is wielding a +0 club.
The gnoll closely misses you. The wyvern zombie misses you.
The wyvern skeleton bites you.
You die...

.
#..g..............
.......[...........
.....?............P
###...............P
##............P..
#.....gg.Z...P..
####...Z........
#####ZZ......
#@#.....#
....⌠...#######
..#...### ####


You could see 2 gnolls, 2 leopard gecko zombies, a wyvern zombie and a wyvern
skeleton.

Vanquished Creatures
  An ogre (D:4)
  A centaur (D:7)
  A scorpion (D:4)
  A howler monkey (D:5)
  A centaur zombie (Ossuary)
  A jelly (D:5)
  An orc priest (D:7)
  A bullfrog zombie (D:7)
  A bullfrog skeleton (D:5)
  4 hounds
  5 orc wizards
  A human zombie (Ossuary)
  4 worker ants
  A merfolk avatar (Sewer)
  3 mummies (Ossuary)
  A howler monkey zombie (D:6)
  A gnoll (D:1)
  A howler monkey skeleton (D:7)
  2 river rats (Sewer)
  6 adders
  An adder skeleton (D:5)
  2 worms
  4 leopard geckos
  8 orcs
  5 ball pythons
  6 giant cockroaches
  2 goblins
  2 hobgoblins (D:2)
  3 jackals (D:2)
  4 frilled lizards
  3 gnoll zombies (Ossuary)
  A goblin zombie (Ossuary)
  3 kobolds (D:2)
  A kobold zombie (Ossuary)
  A leopard gecko skeleton (D:5)
  An orc zombie (Ossuary)
  2 quokka skeletons
  20 rats
107 creatures vanquished.

Vanquished Creatures (collateral kills)
  2 ogres (D:7)
  A centaur (D:4)
  2 orc priests (D:7)
  2 orc wizards
  2 worker ants (D:4)
  A merfolk siren (Sewer)
  A mummy (Ossuary)
  An adder skeleton (D:4)
  A leopard gecko (D:5)
  7 orcs
  2 giant cockroaches
  A jackal (D:2)
  A frilled lizard (Sewer)
24 creatures vanquished.

Grand Total: 131 creatures vanquished

Notes
Turn   | Place    | Note
-------+----------+-------------------------------------------
     0 | D:1      | Doot the Deep Elf Wizard began the quest for the Orb.
     0 | D:1      | Reached XP level 1. HP: 10/10 MP: 7/7
   137 | D:1      | Reached skill level 5 in Spellcasting
   137 | D:1      | Reached XP level 2. HP: 4/15 MP: 2/10
   347 | D:1      | Learned a level 2 spell: Blink
   350 | D:1      | Learned a level 2 spell: Call Imp
   996 | D:2      | Reached XP level 3. HP: 18/19 MP: 2/12
  1010 | D:2      | Learned a level 3 spell: Conjure Flame
  1014 | D:2      | Learned a level 3 spell: Mephitic Cloud
  1017 | D:2      | Learned a level 2 spell: Slow
  1239 | D:4      | Reached skill level 6 in Spellcasting
  1247 | D:4      | Reached XP level 4. HP: 22/24 MP: 1/14
  1298 | D:4      | Found a burning altar of Makhleb.
  1462 | D:4      | Found a sand-covered staircase.
  1484 | Ossuary  | Entered an ossuary
  1725 | Ossuary  | Reached XP level 5. HP: 28/28 MP: 8/16
  1845 | Ossuary  | Reached skill level 7 in Spellcasting
  2432 | Ossuary  | Learned a level 3 spell: Call Canine Familiar
  2575 | D:4      | Found a blossoming altar of Fedhas.
  2583 | D:4      | Noticed a centaur
  2671 | D:4      | Noticed an ogre
  2677 | D:4      | Killed an ogre
  2677 | D:4      | Reached XP level 6. HP: 32/32 MP: 10/18
  2809 | D:4      | Reached skill level 8 in Spellcasting
  3028 | D:4      | Found a sacrificial altar of Ru.
  3626 | D:4      | Reached XP level 7. HP: 21/36 MP: 15/21
  3818 | D:5      | Entered Level 5 of the Dungeon
  4077 | D:5      | Found a glowing drain.
  4106 | Sewer    | Entered a sewer
  4398 | Sewer    | Reached skill level 9 in Spellcasting
  4625 | Sewer    | Learned a level 4 spell: Summon Ice Beast
  4934 | D:5      | Found a snail-covered altar of Cheibriados.
  5318 | D:5      | Found a blossoming altar of Fedhas.
  5318 | D:5      | Found an iron altar of Okawaru.
  5639 | D:7      | Noticed a seven-headed hydra
  5643 | D:7      | Reached skill level 1 in Fighting
  6130 | D:6      | Found a hazy altar of Hepliaklqana.
  6185 | D:7      | Reached skill level 1 in Ice Magic
  6185 | D:7      | Reached XP level 8. HP: 43/43 MP: 5/23
  6391 | D:7      | Learned a level 4 spell: Summon Lightning Spire
  6670 | D:7      | Reached skill level 10 in Spellcasting
  7050 | D:6      | Slain by a wyvern skeleton

Illustrated notes

Levels and vault maps discovered:
D:1:      wander_arrival_lonely_grave, layout_loops_cross
D:2:      layout_basic, grunt_dithmenos_smoke, lemuel_doored_altar,
          serial_forest, infiniplex_forest_lined_3, infiniplex_forest_end_3,
          infiniplex_forest_lined_room_, infiniplex_forest_join,
          infiniplex_forest_straight_2
D:3:      layout_loops_cross, elyvilon_altar_3, uniq_crazy_yiuf_cottage
D:4:      layout_loops_ring, lightli_temple_of_fire, nicolae_ru_awakened_eye,
          enter_ossuary_1, fedhas_bush_and_centaur_altar
D:5:      layout_basic, lemuel_round_altar, amethyst_overflow_temple_binary,
          cheibrodos_sewer_entry_drain, first_ration
D:6:      layout_rooms, nicolae_overflow_hidden_temple, lemuel_round_altar,
          minmay_temple_entry_antechambers, serial_undead, serial_undead_e,
          serial_undead_e, serial_undead_b, serial_undead_a, serial_shops,
          nicolae_shop_stone
D:7:      layout_basic

Skill      XL: |  1  2  3  4  5  6  7  8 |
---------------+-------------------------+-----
Spellcasting   | 5 6 7 8 9 10 | 10.1
Conjurations   | 2 3 4 |  4.4
Stealth        | 3 4 |  4.1
Summonings     | 2 |  2.9
Dodging        | 3 |  3.2
Fighting       | 1 |  1.2
Ice Magic      | 1 3 |  3.3
Short Blades   | |  0.3
Translocations | |  1.9
Fire Magic     | |  0.3
Air Magic      | |  0.2
Evocations     | |  0.3

Action                   |  1- 3 |  4- 6 |  7- 9 || total
-------------------------+-------+-------+-------++-------
Melee: Unarmed           |   252 |       |       ||   252
       Dagger            |     1 |     9 |    17 ||    27
 Cast: Magic Dart        |    53 |    88 |   151 ||   292
       Call Imp          |     5 |     5 |       ||    10
       Blink             |     1 |     5 |     6 ||    12
       Mephitic Cloud    |       |     4 |     6 ||    10
       Conjure Flame     |       |     6 |     3 ||     9
       Call Canine Famil |       |     3 |     6 ||     9
       Summon Ice Beast  |       |       |     3 ||     3
       Summon Lightning  |       |       |     2 ||     2
Evoke: Wand              |       |       |     7 ||     7
  Use: Scroll            |       |       |     1 ||     1
 Stab: Sleeping          |     1 |     2 |     2 ||     5
       Confused          |       |     1 |       ||     1
       Paralysed         |       |       |     1 ||     1
  Eat: Chunk             |     2 |     3 |     7 ||    12
       Ration            |       |     1 |     1 ||     2
Armor: Robe              |     1 |     4 |     5 ||    10
Dodge: Dodged            |    10 |    19 |    55 ||    84
